 Dungeon Crawl Stone Soup version 0.28.0-53-g5a82cb258f (webtiles) character file.

Game seed: 10284361505314035471

241 Sin92 the Skirmisher (level 5, -10/37 HPs)
             Began as a Demonspawn Fighter on July 1, 2022.
             Was a Believer of Hepliaklqana.
             Mangled by an ogre
             ... wielding a +0 giant club
              (20 damage)
             ... on level 4 of the Dungeon.
             The game lasted 00:03:57 (2954 turns).

Sin92 the Skirmisher (Demonspawn Fighter)           Turns: 2954, Time: 00:03:58

Health: -10/37     AC:  9    Str: 17    XL:     5   Next: 80%
Magic:  5/5        EV:  7    Int:  9    God:    Hepliaklqana [**....]
Gold:   129        SH:  7    Dex: 20    Spells: 4/4 levels left

rFire   . . .      SeeInvis .   a - +0 long sword
rCold   . . .      Faith    .   c - +1 buckler
rNeg    . . .      Spirit   .   e - +0 chain mail
rPois   .          Reflect  .   (no helmet)
rElec   .          Harm     .   (no cloak)
rCorr   .          Rampage  .   (no gloves)
Will    .....                   (no boots)
Stlth   ..........              (no amulet)
HPRegen 0.12/turn               n - +6 ring of dexterity
MPRegen 0.09/turn               (no ring)

@: no status effects
A: reduced essence, powered by death 1, spiny 1, weakness stinger 1
a: Renounce Religion, Ancestor Life: Knight, Ancestor Life: Battlemage, Ancestor
Life: Hexer, Recall Ancestor, Ancestor Identity


You were on level 4 of the Dungeon.
You worshipped Hepliaklqana.
Hepliaklqana was pleased with you.
You visited 1 branch of the dungeon, and saw 4 of its levels.

You collected 129 gold pieces.

Inventory:

Hand Weapons
 a - a +0 long sword (weapon)
Missiles
 f - a throwing net (quivered)
Armour
 b - a +0 scale mail
 c - a +1 buckler (worn)
 e - a +0 chain mail (worn)
Jewellery
 n - a +6 ring of dexterity (left hand)
Scrolls
 h - a scroll of immolation
 i - 2 scrolls of teleportation
 j - a scroll of magic mapping {unknown}
Potions
 d - a potion of might
 g - a potion of degeneration
 k - a potion of magic
 l - a potion of flight
 m - 2 potions of heal wounds
 o - 3 potions of curing
 q - a potion of lignification


   Skills:
 + Level 3.9 Fighting
 + Level 2.9 Long Blades
 + Level 3.6 Armour
 + Level 2.0 Dodging
 + Level 3.6 Shields


You had 4 spell levels left.
You didn't know any spells.
Your spell library contained the following spells:

 Spells                   Type           Power      Damage    Failure   Level
 Beastly Appendage        Tmut           0%         N/A       100%        1
 Wereblood                Tmut           0%         N/A       100%        2
 Mephitic Cloud           Conj/Pois/Air  0%         N/A       100%        3
 Spider Form              Tmut/Pois      0%         N/A       100%        3
 Animate Armour           Summ/Erth      0%         N/A       100%        4
 Summon Cactus Giant      Summ           0%         N/A       100%        6


Dungeon Overview and Level Annotations

Branches:
Dungeon (4/15)
 Temple: D:4-7

Altars:
Hepliaklqana
Qazlal
Trog
The Shining One


Innate Abilities, Weirdness & Mutations

Your life essence is reduced to manifest your ancestor. (-10% HP)
You regenerate a little health from kills.
You are partially covered in sharp spines.
You have a small tail.


Message History

The adder is struck by your spines. The adder bites you.
A worm comes into view.
You miss the adder.
You tail-slap the adder, but do no damage.
The adder is severely wounded.
The adder closely misses you. The adder is struck by your spines.
You kill the adder!
The adder is struck by your spines. The adder bites you but does no damage.
You barely miss the adder. You tail-slap the adder.
You kill the adder!
Unknown command.
You hit the ogre.
The ogre is lightly wounded.
The ogre is struck by your spines. The ogre hits you with a +0 giant club!
Unknown command.
You slash the ogre!
The ogre is heavily wounded.
You block the ogre's attack.
Unknown command.
You hit the ogre.
The ogre is heavily wounded.
The ogre barely misses you.
Unknown command.
You barely miss the ogre.
The ogre is heavily wounded.
The ogre is struck by your spines.
The ogre hits you with a +0 giant club!!
Ouch! That really hurt!
* * * LOW HITPOINT WARNING * * *
Unknown command.
You are too injured to fight recklessly!
Unknown command.
You are too injured to fight recklessly!
Unknown command.
Septima hits the ogre.
You hit the ogre.
The ogre is severely wounded.
The ogre hits you with a +0 giant club!!
Ouch! That really hurt!
You die...

##.......##.#
#.......#
###.....##.###.......#
+.....##.##......###
#..... #.##......# #
#.##......# #.
#..'.....[#
#####.###.##......#
......|....#......#
..###R@..#........
#O##.#........
#...#.#....#+#...
#..#[# w#.#..# ### #
## .#.#..# ..## ... ##
...


You could see the friendly Septima the ancestor and an ogre (ally target).

Vanquished Creatures
  Jessica (D:2)
  Terence (D:2)
  Natasha (twice) (D:2)
  3 adders
  A worm (D:3)
  4 dart slugs
  An orc (D:4)
  7 endoplasms
  3 giant cockroaches
  5 goblins
  7 hobgoblins
  A jackal (D:2)
  4 kobolds
  2 quokkas
  4 ball pythons
  8 bats
  7 frilled lizards
  6 rats
67 creatures vanquished.

Vanquished Creatures (collateral kills)
  Natasha (D:2)
  A dart slug (D:2)
  An orc (D:3)
  A ball python (D:2)
  2 endoplasms
  A goblin (D:2)
7 creatures vanquished.

Vanquished Creatures (others)
  2 ancestors (D:2)
  5 toadstools (D:1)
7 creatures vanquished.

Grand Total: 81 creatures vanquished

Notes
Turn   | Place    | Note
-------+----------+-------------------------------------------
     0 | D:1      | Sin92 the Demonspawn Fighter began the quest for the Orb.
     0 | D:1      | Reached XP level 1. HP: 18/18 MP: 1/1
   103 | D:1      | Gained mutation: You are partially covered in sharp spines.
                  | [demonic ancestry]
   103 | D:1      | Reached XP level 2. HP: 20/24 MP: 2/2
   208 | D:1      | Found a faded altar of an unknown god.
   836 | D:1      | Prayed at the altar of an unknown god.
   836 | D:1      | Became a worshipper of Hepliaklqana the Forgotten
   836 | D:1      | Reached * piety under Hepliaklqana
   868 | D:2      | Found a stormy altar of Qazlal.
   909 | D:2      | Noticed Natasha
   929 | D:2      | Killed Natasha
   930 | D:2      | Reached skill level 1 in Dodging
   930 | D:2      | Gained mutation: You have a small tail. [demonic ancestry]
   930 | D:2      | Reached XP level 3. HP: 24/26 MP: 3/3
  1194 | D:2      | Gained mutation: You regenerate a little health from kills.
                  | [demonic ancestry]
  1194 | D:2      | Reached XP level 4. HP: 25/31 MP: 4/4
  1282 | D:2      | Noticed Natasha
  1288 | D:2      | Killed Natasha
  1682 | D:2      | Noticed Terence
  1707 | D:2      | Killed Terence
  1725 | D:2      | Noticed Natasha
  1729 | D:2      | Killed Natasha
  1730 | D:2      | Reached XP level 5. HP: 20/37 MP: 5/5
  2026 | D:2      | Noticed Jessica
  2036 | D:2      | Killed Jessica
  2302 | D:3      | Reached ** piety under Hepliaklqana
  2355 | D:3      | Got the Tome of the Entourage and Poisoning
  2914 | D:4      | Found a bloodstained altar of Trog.
  2946 | D:4      | Noticed an ogre
  2954 | D:4      | Mangled by an ogre

Illustrated notes

Levels and vault maps discovered:
D:1:      ldierk_walled_garden, layout_loops_cross,
          shapermc_ecumenical_altar_notcrosses
D:2:      layout_basic, basic_altar, minmay_quadrilaterals, uniq_jessica,
          uniq_natasha, uniq_terence
D:3:      layout_rooms, old_standard_altar
D:4:      layout_basic, mainiacjoe_overflow_small_starburst,
          minmay_pentomino_pile, uniq_grinder

Skill      XL: |  1  2  3  4  5 |
---------------+----------------+-----
Long Blades    | 2 |  2.9
Armour         | 3 |  3.6
Dodging        | 1 2 |  2.0
Shields        | 3 |  3.6
Fighting       | |  3.9

Action                   |  1- 3 |  4- 6 || total
-------------------------+-------+-------++-------
Melee: Long sword        |    67 |    68 ||   135
       Tailslap          |       |    13 ||    13
  Use: Potion            |     2 |       ||     2
       Scroll            |       |    10 ||    10
Armor: Scale mail        |    22 |     2 ||    24
       Chain mail        |       |    14 ||    14
Dodge: Dodged            |    29 |    14 ||    43
Block: Buckler           |    10 |    14 ||    24
